 Dungeon Crawl Stone Soup version 0.18-a0-846-g91b95b1 (webtiles) character file.

714 wvc the Cudgeler (level 7, -2/52 HPs)
             Began as a Mummy Fighter on Dec 20, 2015.
             Was an Initiate of Cheibriados.
             Slain by a sky beast (5 damage)
             ... on level 6 of the Dungeon.
             The game lasted 00:08:35 (5149 turns).

wvc the Cudgeler (Mummy Fighter)                    Turns: 5149, Time: 00:08:36

Health: -2/52      AC:  6    Str: 21    XL:     7   Next: 41%
Magic:  7/7        EV:  9    Int: 10    God:    Cheibriados [......]
Gold:   335        SH: 10    Dex: 14    Spells: 0 memorised, 6 levels left

rFire  . . .     SeeInvis .     a - +1 flail
rCold  + + .     Gourm    .     o - +0 ring mail {rC+}
rNeg   + + +     Faith    .     c - +1 shield
rPois  ∞         Spirit   .     n - +0 helmet
rElec  .         Dismiss  .     (no cloak)
rCorr  .         Reflect  .     (no gloves)
SustAt .         Harm     .     (no boots)
MR     .....                    (no amulet)
Stlth  +.........               k - ring of protection from fire
                                l - +2 ring of dexterity

@: very slow, not resistant to hostile enchantments, very unstealthy
A: no food or potions, fire vulnerability, cold resistance 1, negative energy
resistance 3, torment resistance, unbreathing
a: Bend Time, Renounce Religion


You were on level 6 of the Dungeon.
You worshipped Cheibriados.
Cheibriados was noncommittal.
You were not hungry.

You visited 1 branch of the dungeon, and saw 6 of its levels.

You collected 335 gold pieces.

Inventory:

Hand Weapons
 a - a +1 flail (weapon)
 f - a +0 quarterstaff
Missiles
 g - 2 javelins (quivered)
Armour
 c - a +1 shield (worn)
 n - a +0 helmet (worn)
 o - a +0 ring mail of cold resistance (worn)
Jewellery
 k - a ring of protection from fire (right hand)
 l - a +2 ring of dexterity (left hand)
Wands
 h - a wand of random effects (17/48)
Scrolls
 b - 2 scrolls of enchant armour
 d - 2 scrolls of enchant weapon
 e - a scroll of identify
 j - 3 scrolls of recharging
 m - a scroll of blinking
 p - 2 scrolls of remove curse
 q - a scroll of amnesia
Books
 i - a book of Hinderance

   Spells                             Type                      Level
   a - Confusing Touch                Hexes                        2
   b - Confuse                        Hexes                        3
   c - Gell's Gravitas                Hexes/Translocation          3
   d - Petrify                        Transmutation/Earth          4
   e - Metabolic Englaciation         Hexes/Ice                    5
   f - Yara's Violent Unravelling     Hexes/Transmutation          5


   Skills:
 - Level 3.0 Fighting
 * Level 6.7 Maces & Flails
 - Level 2.4 Armour
 - Level 1.9 Dodging
 - Level 2.4 Shields


You had 6 spell levels left.
You didn't know any spells.

Dungeon Overview and Level Annotations

Branches:
Dungeon (6/15)
 Temple: D:4-7

Altars:
Cheibriados
Elyvilon
Pakellas
Trog
Vehumet
The Shining One


Innate Abilities, Weirdness & Mutations

You do not eat or drink.
Your flesh is vulnerable to fire.
You are immune to poison.
Your flesh is cold resistant.
You are immune to negative energy.
You are immune to unholy pain and torment.
You can survive without breathing.


Message History

Something hits you but does no damage.
No target in view!
No target in view!
No target in view!
No target in view!
You closely miss something. Something hits you. Something shocks you.
You barely miss something. Something hits you but does no damage.
You sock something! Something hits you. Something shocks you.
* * * LOW HITPOINT WARNING * * *
You miss something. Something hits you.
* * * LOW HITPOINT WARNING * * *
Something shocks you.
* * * LOW HITPOINT WARNING * * *
A sky beast appears from thin air!
Reactivating autopickup.
The sky beast hits you but does no damage.
The sky beast hits you.
* * * LOW HITPOINT WARNING * * *
The sky beast shocks you.
You die...

†........#
.........#
......!..###
...........##
.......###..##
#..# ......##
##..## #...#
....### ##..##
#....# ..###
##..### #.....#
### ###.@##
##......#
##.Y#####......#
##............#
#.##........<#
######..:..###
#######


You could see a sky beast.

Vanquished Creatures
  3 ogres (D:5)
  A water moccasin zombie (D:5)
  A wyvern skeleton (D:6)
  A hound (D:6)
  An orc priest (D:3)
  An orc wizard (D:3)
  An iguana (D:5)
  A jelly (D:5)
  A hound zombie (D:5)
  7 adders
  2 shadow imps (D:6)
  3 oozes
  An adder zombie (D:5)
  4 worms
  2 giant geckos (D:2)
  13 orcs
  5 giant cockroaches
  5 hobgoblins
  4 jackals (D:4)
  5 bats (D:1)
  A giant gecko zombie (D:5)
  2 giant newts
  9 goblins
  A jackal skeleton (D:5)
  7 kobolds
  3 quokkas
  8 rats
93 creatures vanquished.

Notes
Turn   | Place    | Note
--------------------------------------------------------------
     0 | D:1      | wvc the Mummy Fighter began the quest for the Orb.
     0 | D:1      | Reached XP level 1. HP: 18/18 MP: 1/1
   271 | D:1      | Reached XP level 2. HP: 24/24 MP: 2/2
   672 | D:2      | Found a faded altar to an unknown god.
   889 | D:2      | Reached XP level 3. HP: 24/29 MP: 3/3
  1186 | D:2      | Reached skill level 1 in Dodging
  1460 | D:3      | Reached XP level 4. HP: 33/35 MP: 4/4
  2446 | D:3      | Reached XP level 5. HP: 22/41 MP: 5/5
  2818 | D:4      | Reached skill level 4 in Maces & Flails
  3496 | D:5      | Entered Level 5 of the Dungeon
  3746 | D:5      | Noticed an ogre
  3758 | D:5      | Killed an ogre
  3758 | D:5      | Reached XP level 6. HP: 24/47 MP: 6/6
  3966 | D:5      | Found a white marble altar of Elyvilon.
  4024 | D:5      | Reached skill level 5 in Maces & Flails
  4285 | D:5      | Reached skill level 6 in Maces & Flails
  4285 | D:5      | Reached XP level 7. HP: 32/52 MP: 7/7
  5073 | D:6      | Found a bloodstained altar of Trog.
  5075 | D:6      | Found a snail-covered altar of Cheibriados.
  5094 | D:6      | Found a radiant altar of Vehumet.
  5096 | D:6      | Found a glowing golden altar of the Shining One.
  5096 | D:6      | Found an oddly glowing altar of Pakellas.
  5099 | D:6      | Became a worshipper of Cheibriados the Contemplative
  5149 | D:6      | Slain by a sky beast

Vault maps used:
D:1:      minmay_arrival_four_houses, corexii_item_surrounded_by_moat,
          minmay_vboxes
D:2:      ecumenical_altar_1, hex_medium
D:3:      first_bread
D:5:      kennysheep_mini_moat
D:6:      grunt_temple_overflow_open

Action                   |  1- 3 |  4- 6 |  7- 9 || total
-------------------------+-------+-------+-------++-------
Melee: Flail             |   113 |   170 |    68 ||   351
Throw: Javelin           |       |    12 |     7 ||    19
       Throwing net      |       |     1 |       ||     1
  Use: Scroll            |       |    13 |     1 ||    14
